 Dungeon Crawl Stone Soup version 0.26-a0-612-gd4d190f45e (webtiles) character file.

Game seed: 12264563517108893307

1066 Descartes the Covert (level 8, -5/34 HPs)
             Began as a Felid Delver on Sept 9, 2020.
             Was a Follower of Elyvilon.
             Slain by a wight
             ... wielding a +1 long sword
              (8 damage)
             ... on level 7 of the Dungeon.
             The game lasted 00:12:14 (7379 turns).

Descartes the Covert (Felid Delver)                 Turns: 7379, Time: 00:12:15

Health: -5/34      AC:  2    Str: 16    XL:     8   Next: 7%
Magic:  10/10      EV: 23    Int: 11    God:    Elyvilon [*.....]
Gold:   210        SH:  0    Dex: 18    Spells: 7/7 levels left
                                        Lives:  0   Deaths: 2

rFire    . . .     SeeInvis +     - Unarmed
rCold    . . .     Faith    .   (shield unavailable)
rNeg     . . .     Spirit   .   (armour unavailable)
rPois    .         Reflect  .   (helmet unavailable)
rElec    .         Harm     .   (cloak unavailable)
rCorr    .                      (gloves unavailable)
MR       +....                  (boots unavailable)
Stlth    +++++++...             (no amulet)
HPRegen  0.11/turn              i - ring of stealth
MPRegen  0.12/turn              r - +6 ring of strength

@: lightly drained, quick
A: very small, no armour, no weapons or thrown items, stealth, claws 1, fangs 3,
see invisible, speed 1, shaggy fur 2, sharp paws
a: Lesser Healing, Divine Protection, Renounce Religion


You were on level 7 of the Dungeon.
You worshipped Elyvilon.
Elyvilon was aware of your devotion.
You visited 2 branches of the dungeon, and saw 8 of its levels.

You collected 266 gold pieces.
You spent 56 gold pieces at shops.

Inventory:

Missiles
 m - 140 arrows
 u - 155 stones
Jewellery
 i - a ring of stealth (left paw)
 r - a +6 ring of strength (right paw)
 v - an uncursed ring of resist corrosion
Wands
 e - a wand of digging (8)
 y - a wand of acid (8)
 z - a wand of enslavement (5)
 B - a wand of disintegration (17)
 C - a wand of iceblast (9)
Scrolls
 a - 3 scrolls of fog
 b - a scroll of magic mapping
 c - 2 scrolls of fear
 g - 9 scrolls of remove curse
 h - 3 scrolls of identify
 j - 4 scrolls of immolation {unknown}
 s - 3 scrolls of teleportation {unknown}
 t - 4 scrolls of blinking {unknown}
 A - a scroll of noise {unknown}
 D - a scroll of enchant weapon {unknown}
Potions
 d - a potion of haste
 f - 2 potions of brilliance
 k - 2 potions of might
 l - 2 potions of curing
 o - 3 potions of stabbing
 p - a potion of invisibility
 q - a potion of magic
 w - 2 potions of lignification
 x - 2 potions of flight


   Skills:
 - Level 3.0(2.7) Fighting
 + Level 7.4(7.2) Dodging
 + Level 12.2(11.9) Stealth
 - Level 5.0(4.7) Unarmed Combat
 + Level 2.5(2.3) Invocations
 + Level 2.9(2.7) Evocations


You had 7 spell levels left.
You didn't know any spells.
Your spell library contained the following spells:

 Spells                   Type           Power        Failure   Level
 Summon Small Mammal      Summ           #...         34%         1
 Call Imp                 Summ           #.......     47%         2
 Call Canine Familiar     Summ           #.......     71%         3
 Summon Guardian Golem    Hex/Summ       #.......     71%         3
 Summon Ice Beast         Ice/Summ       #.......     98%         4
 Summon Lightning Spire   Summ/Air       #.......     98%         4


Dungeon Overview and Level Annotations

Branches:
Dungeon (7/15)             Temple (1/1) D:5

Altars:
Ashenzari
Cheibriados
Dithmenos
Elyvilon
Fedhas
Gozag
Hepliaklqana
Kikubaaqudgha
Makhleb
Nemelex Xobeh
Okawaru
Qazlal
Ru
Sif Muna
Trog
Uskayaw
Vehumet
Wu Jian
Xom
Yredelemnul
Zin
The Shining One

Shops:
D:4 [   D:6 ?


Innate Abilities, Weirdness & Mutations

You cannot wear armour.
You are incapable of wielding weapons or throwing items.
Your paws allow you to move quietly. (Stealth)
You have sharp claws.
You have razor-sharp teeth.
You have supernaturally acute eyesight. (SInv)
You cover ground quickly.
You are covered in thick fur. (AC +2)
Your sharp claws are effective at attacking unaware monsters.


Message History

You feel drained.
You claw the wight! You claw the wight, but do no damage.
The wight is moderately damaged.
The wight barely misses you.
You claw the wight!
The wight is almost destroyed.
The wight misses you.
You scratch the wight but do no damage. You bite the wight.
You destroy the wight!
You scratch the wight.
The wight is lightly damaged.
The wight hits you with a +1 long sword!
* * * LOW HITPOINT WARNING * * *
You scratch the wight but do no damage.
The wight is lightly damaged.
The wight closely misses you.
You closely miss the wight.
The wight is lightly damaged.
The wight hits you with a +1 long sword!
You die...

#. #. #.#+#### ..
#......# . ####......# .#
..........# ## .# # #
..........# ..#.#.# .. ##
......(...######.#.#.#.##
#.
...........z@.<..........
+.
.....#.#...##.###........
#. .... #.###...........#
## ... #....###.###.#..#
# .. ####. ...#
#.#..###### # #
#########.#..##...# #
................# #
#........####...###
.............#.....


You could see a wight.

Vanquished Creatures
  Prince Ribbit (D:5)
  A sky beast (D:7)
  A phantom (D:3)
  An ogre (D:4)
  A necrophage (D:7)
  A centaur (D:5)
  A bullfrog (D:6)
  A water moccasin skeleton (D:3)
  5 scorpions
  A wight (D:7)
  A crimson imp (D:6)
  An orc priest (D:6)
  A hound (D:5)
  4 orc wizards
  Jessica (D:2)
  4 worker ants
  A hound skeleton (D:5)
  6 gnolls
  11 adders
  A shadow imp (D:5)
  2 white imps (D:5)
  2 oozes
  An adder zombie (D:5)
  5 worms
  3 leopard geckos (D:2)
  15 orcs
  A ball python (D:2)
  3 giant cockroaches
  6 goblins
  5 hobgoblins
  4 quokkas
  12 bats
  8 frilled lizards
  12 kobolds
  A leopard gecko skeleton (D:4)
  A quokka skeleton (D:5)
  3 rats
129 creatures vanquished.

Vanquished Creatures (others)
  A fungus (D:6)
1 creature vanquished.

Grand Total: 130 creatures vanquished

Notes
Turn   | Place    | Note
-------+----------+-------------------------------------------
     0 | D:5      | Descartes the Felid Delver began the quest for the Orb.
     0 | D:5      | Reached XP level 1. HP: 10/10 MP: 2/2
     2 | D:5      | Noticed a centaur
     6 | D:5      | Noticed a scorpion
    45 | D:4      | Noticed a worker ant
    50 | D:4      | Noticed an ogre
    52 | D:4      | Killed a worker ant
    52 | D:4      | Reached skill level 7 in Stealth
    52 | D:4      | Reached XP level 2. HP: 14/14 MP: 3/3
    56 | D:4      | Killed an ogre
    56 | D:4      | Reached skill level 9 in Stealth
    56 | D:4      | Reached XP level 3. HP: 17/17 MP: 4/4
    56 | D:4      | Reached XP level 4. HP: 21/21 MP: 5/5
   427 | D:3      | Noticed a phantom
   837 | D:1      | Reached XP level 5. HP: 24/24 MP: 6/6
  1204 | D:2      | Noticed Jessica
  1205 | D:2      | Killed Jessica
  1205 | D:2      | Reached skill level 10 in Stealth
  2523 | D:3      | Gained mutation: You are covered in thick fur. (AC +2)
                  | [Felid growth]
  2523 | D:3      | Reached XP level 6. HP: 28/28 MP: 7/7
  3053 | D:4      | Found Nimim's Armour Shop.
  3403 | D:4      | Reached XP level 7. HP: 31/31 MP: 8/8
  3601 | D:4      | Reached skill level 5 in Dodging
  3922 | D:5      | Reached skill level 11 in Stealth
  4889 | D:5      | Found a glowing golden altar of the Shining One.
  5021 | D:5      | Noticed Prince Ribbit
  5048 | D:5      | Slain by Prince Ribbit
  5049 | D:5      | Reached XP level 6. HP: -3/28 MP: 7/7
  5100 | D:5      | Slain by Prince Ribbit
  5101 | D:5      | Reached XP level 5. HP: -1/24 MP: 6/6
  5107 | D:5      | Killed Prince Ribbit
  5107 | D:5      | Reached XP level 6. HP: 28/28 MP: 7/7
  5418 | D:5      | Found a faded altar of an unknown god.
  5418 | D:5      | Found a white marble altar of Elyvilon.
  5423 | D:5      | Found a blossoming altar of Fedhas.
  5425 | D:5      | Found a hide-covered altar of Uskayaw.
  5426 | D:5      | Found a bloodstained altar of Trog.
  5553 | D:5      | Found a staircase to the Ecumenical Temple.
  5656 | Temple   | Entered the Ecumenical Temple
  5923 | D:5      | Became a worshipper of Elyvilon the Healer
  6092 | D:6      | Found Xoaluynt's Magic Scroll Shop.
  6096 | D:6      | Bought a scroll of random uselessness for 14 gold pieces
  6096 | D:6      | Bought a scroll of remove curse for 42 gold pieces
  6329 | D:6      | Reached skill level 5 in Unarmed Combat
  6329 | D:6      | Reached skill level 1 in Evocations
  6329 | D:6      | Reached XP level 7. HP: 31/31 MP: 8/8
  6378 | D:6      | Reached skill level 1 in Invocations
  6467 | D:6      | Reached * piety under Elyvilon
  6737 | D:6      | Found a burning altar of Makhleb.
  7025 | D:6      | Found the +7 Singing Sword {vorpal, sonic wave}
  7077 | D:6      | Reached skill level 12 in Stealth
  7367 | D:7      | Reached XP level 8. HP: 21/34 MP: 10/10
  7379 | D:7      | Slain by a wight

Illustrated notes

Levels and vault maps discovered:
D:1:      dpeg_arrival_tiny_f, layout_loops_ring, hangedman_decor_growths,
          roderic_st_hans_cross
D:2:      layout_rooms, serial_curves, eino_curves_01, eino_curves_04,
          uniq_jessica
D:3:      layout_basic
D:4:      layout_loops_ring, serial_shops, shop, nrook_campfire,
          corexii_corridor_pit, st_stairs_7
D:5:      layout_layer_cave, chequers_temple_overflow_minitemple,
          nicolae_tso_swordbearing_angel, minmay_temple_entry_glassed_door,
          uniq_prince_ribbit1
D:6:      old_forge, layout_basic, makhleb_grotto_becter, serial_shops, shop
D:7:      layout_basic, minmay_misc_feat_encased,
          nicolae_gozag_cash_rules_everything_around_me, uniq_maggie
Temple:   eino_temple_scatter_basement

Skill      XL: |  1  2  3  4  5  6  7 |
---------------+----------------------+-----
Stealth        | 7 9 10 12 | 12.2
Dodging        | 6 4 7 |  7.4
Unarmed Combat | 5 4 |  5.0
Evocations     | 1 2 |  2.9
Invocations    | 2 |  2.5
Fighting       | |  3.0

Action                   |  1- 3 |  4- 6 |  7- 9 || total
-------------------------+-------+-------+-------++-------
Melee: Unarmed           |     2 |   245 |   126 ||   373
       Bite              |       |    24 |    12 ||    36
       Punch             |       |     4 |     2 ||     6
  Use: Potion            |       |     4 |     1 ||     5
       Scroll            |       |     9 |       ||     9
 Stab: Sleeping          |     2 |    49 |    13 ||    64
       Distracted        |       |     1 |     1 ||     2
       Held in net/web   |       |       |     1 ||     1
Armor: Skin              |       |    10 |     5 ||    15
Dodge: Dodged            |       |   194 |   110 ||   304

Table legend: (Time is in decaauts)
 A = Elapsed time spent in this place.
 B = Non-inter-level travel time spent in this place.
 C = Inter-level travel time spent in this place.
 D = Time resting spent in this place.
 E = Time spent auto-exploring this place.
 F = Levels seen in this place.
 G = Mean time per level.
                   A        B        C        D        E       F      G
               +--------+--------+--------+--------+--------+-----+--------+
         Total |   6367 |   6066 |    301 |      0 |   5026 |   8 |  795.9 |
       Dungeon |   6225 |   5939 |    286 |      0 |   4901 |   7 |  889.3 |
        Temple |    142 |    127 |     15 |      0 |    125 |   1 |  142.0 |
               +--------+--------+--------+--------+--------+-----+--------+

Top non-repeatable levels by time:
     D:5: 1383 daAuts
     D:4: 1167 daAuts
     D:2: 1082 daAuts
     D:6: 970 daAuts
     D:3: 736 daAuts
     D:1: 659 daAuts
     D:7: 225 daAuts
  Temple: 142 daAuts
